Saguenéens vs Diablos
(R1)
Created - February 27, 2020 at 23:06
Goals
|
| Saguenéens |
1 |
0 |
0 |
1 |
| Diablos |
0 |
4 |
0 |
4 |
|
Shots
|
| Saguenéens |
13 |
9 |
6 |
28 |
| Diablos |
7 |
20 |
5 |
32 |
|
1st period
1. Saguenéens , Adam Erne 7 (Juraj Mikus 6) at 16:59
Penalties :
David Pastrnak (Don) for Holding (Minor) at 2:16, Mark Stone (Chi) for Hooking (Minor) at 8:42, Duncan Siemens (Chi) for Cross-checking (Minor) at 13:58, Duncan Siemens (Chi) for Hooking (Minor) at 17:46
2nd period
2. Diablos , David Pastrnak 17 (Nick Spaling 28, Brian Dumoulin 26) at 5:38
3. Diablos , Jordan Szwarz 27 (Jiri Sekac 13, Danton Heinen 31) at 5:44
4. Diablos , Philip Larsen 3 (David Pastrnak 24, Lars Eller 28) at 10:01
5. Diablos , Philip Larsen 4 (Nick Spaling 29) at 15:18 (SH)
Penalties :
David Pastrnak (Don) for Interference (Minor) at 3:02, Seth Helgeson (Chi) for Hooking (Minor) at 10:12, Adrian Kempe (Don) for Tripping (Minor) at 14:20
3rd period
No Goal
Penalties :
Juraj Mikus (Chi) for Boarding (Minor) at 1:29, Carl Hagelin (Chi) for Hooking (Minor) at 6:21, Craig Cunningham (Chi) for Interference (Minor) at 10:42
Goalie Stats
Joe Cannata (Chi), 28 saves from 32 shots - (0.875), L, 20-14-4, 60:00 minutes
Joni Ortio (Don), 27 saves from 28 shots - (0.964), W, 6-7-0, 60:00 minutes
Players Stats for Saguenéens
Player Name G A P +/- PIM S H SB GA TA FO MP PP MP PK MP
------------------------------------------------------------------------------------
Adam Erne 1 0 1 0 0 1 0 1 0 0 0/0 9:38 0:00 0:00
Aleksander Barkov 0 0 0 -2 0 1 0 0 0 0 8/15 13:39 2:47 0:00
Alexander Wennberg 0 0 0 -1 0 3 4 2 0 0 13/27 23:31 3:10 7:45
Calle Andersson 0 0 0 1 0 0 0 0 0 0 0/0 2:13 0:00 0:00
Carl Hagelin 0 0 0 -2 2 1 2 0 0 0 0/0 17:48 2:47 3:43
Craig Cunningham 0 0 0 0 2 1 0 0 1 1 0/0 11:35 0:00 1:21
Duncan Siemens 0 0 0 0 4 0 3 0 0 1 0/0 9:49 0:00 0:00
Henrik Samuelsson 0 0 0 0 0 1 0 0 0 0 0/0 0:31 0:05 0:00
Jake McCabe 0 0 0 -2 0 3 1 1 1 0 0/0 26:15 3:27 7:28
Julius Honka 0 0 0 1 0 2 1 0 0 0 0/0 11:03 0:00 0:52
Juraj Mikus 0 1 1 0 2 2 1 0 1 0 1/2 9:38 0:00 0:00
Mark Stone 0 0 0 -1 2 1 1 1 1 0 0/1 18:47 3:05 3:42
Mason Raymond 0 0 0 -1 0 4 1 0 1 0 6/7 22:02 3:10 6:51
Mattias Janmark 0 0 0 0 0 0 0 0 0 0 0/0 0:00 0:00 0:00
Mike Amadio 0 0 0 0 0 0 0 0 0 0 0/0 4:03 0:00 3:18
Mikhail Grigorenko 0 0 0 0 0 0 0 0 0 0 0/1 1:07 0:00 0:40
Myles Bell 0 0 0 0 0 0 0 0 0 0 0/0 0:00 0:00 0:00
Nick Mattson 0 0 0 -2 0 2 1 2 0 1 0/0 21:58 2:30 6:25
Nick Paul 0 0 0 0 0 0 0 0 0 0 0/0 0:00 0:00 0:00
Nikita Scherbak 0 0 0 0 0 0 1 0 0 0 0/0 6:27 0:00 0:00
Patrick Sieloff 0 0 0 -2 0 0 0 2 0 1 0/0 21:58 2:30 6:25
Rhett Rakhshani 0 0 0 -2 0 1 3 0 0 1 0/2 13:39 2:47 0:00
Seth Helgeson 0 0 0 -2 2 2 0 2 0 0 0/0 26:52 3:27 6:36
Tanner Richard 0 0 0 0 0 1 1 0 0 0 0/2 6:27 0:00 0:00
Teemu Pulkkinen 0 0 0 0 0 2 0 0 1 0 0/0 7:00 0:00 0:26
Players Stats for Diablos
Player Name G A P +/- PIM S H SB GA TA FO MP PP MP PK MP
------------------------------------------------------------------------------------
Adrian Kempe 0 0 0 -1 2 3 1 1 0 1 4/5 10:30 0:00 0:00
Alex Petrovic 0 0 0 2 0 0 3 2 0 0 0/0 27:17 7:56 2:23
Andrei Mironov 0 0 0 2 0 0 1 0 0 0 0/0 14:33 5:57 0:16
Brian Dumoulin 0 1 1 1 0 2 3 1 0 0 0/0 26:33 7:56 3:39
Cameron Gaunce 0 0 0 -1 0 3 5 1 0 1 0/0 26:21 5:57 3:18
Charles Hudon 0 0 0 0 0 0 0 0 0 0 0/0 8:26 0:35 0:00
Corey Trivino 0 0 0 1 0 4 0 0 0 0 5/8 12:59 0:27 3:18
Danton Heinen 0 1 1 1 0 1 1 0 0 0 8/13 17:22 6:42 0:20
David Pastrnak 1 1 2 2 4 5 1 0 1 0 0/1 19:28 6:42 0:00
Jack Glover 0 0 0 0 0 0 0 0 0 0 0/0 1:19 0:00 0:00
Jiri Sekac 0 1 1 1 0 0 5 0 2 0 0/0 19:01 6:54 0:56
Jordan Szwarz 1 0 1 1 0 4 4 1 0 0 0/1 17:49 6:42 0:00
Lars Eller 0 1 1 2 0 2 2 0 0 1 12/28 19:09 6:44 2:19
Nick Spaling 0 2 2 2 0 3 4 0 1 0 0/1 23:08 6:24 3:18
Philip Larsen 2 0 2 2 0 3 4 1 0 2 0/0 23:43 0:00 2:18
Sergey Tolchinsky 0 0 0 -1 0 0 0 1 0 1 0/0 6:34 0:00 0:00
Ty Rattie 0 0 0 0 0 0 1 0 0 0 0/0 7:14 0:00 0:00
Tyler Pitlick 0 0 0 0 0 2 1 1 1 0 0/0 12:34 0:29 1:43
3 Stars
1 - Philip Larsen (Don)
2 - Nick Spaling (Don)
3 - Joni Ortio (Don)
Power Play
Saguenéens - 0 on 3 Attempt(s) - 0.00%
Diablos - 0 on 7 Attempt(s) - 0.00%
Penalty Kill
Saguenéens - 7 on 7 Attempt(s) - 100.00%
- Score 0 goal in Penalty Kill
Diablos - 3 on 3 Attempt(s) - 100.00%
- Score 1 goal in Penalty Kill
Team Stat
Saguenéens - Hits : 20 - Faceoff Wins : 28 - Blocked Shots : 11 - Penalty Minutes : 14
Diablos - Hits : 36 - Faceoff Wins : 29 - Blocked Shots : 9 - Penalty Minutes : 6
Official
Referees : Unknown
Linesman : Unknown
Game Notes
Sergey Tolchinsky is injured at 0:46 of 3rd period (Left Knee)
16:10 of 3rd period - Saguenéens goal is going for a video replay. After video review, No Goal. The puck has entered the net after making contact with an attacking player’s stick that is above the height of the crossbar.
Finance
Level 1 -- Attendance: 2000 (100.00%) -- Ticket Income $28,000
Level 2 -- Attendance: 979 (97.90%) -- Ticket Income $4,895
Total Attendance: 2979 (99.30%)
Total Ticket Income: $32,895
Other Income: $1,645
Total Income: $34,540
Saguenéens
5 vs 5 Forward
Center Left Wing Right Wing Time % Phy DF OF
1 Alexander Wennberg Mason Raymond Mark Stone 40 1 2 2
2 Aleksander Barkov Carl Hagelin Rhett Rakhshani 30 1 2 2
3 Juraj Mikus Craig Cunningham Adam Erne 20 1 2 2
4 Tanner Richard Teemu Pulkkinen Nikita Scherbak 10 1 2 2
5 vs 5 Defense
Defense Defense Time % Phy DF OF
1 Seth Helgeson Jake McCabe 40 1 2 2
2 Nick Mattson Patrick Sieloff 30 1 2 2
3 Duncan Siemens Julius Honka 20 1 2 2
4 Calle Andersson Seth Helgeson 10 1 2 2
PowerPlay Forward
Center Left Wing Right Wing Time % Phy DF OF
1 Alexander Wennberg Mason Raymond Mark Stone 60 1 2 2
2 Aleksander Barkov Carl Hagelin Rhett Rakhshani 40 1 2 2
PowerPlay Defense
Defense Defense Time % Phy DF OF
1 Seth Helgeson Jake McCabe 60 1 2 2
2 Nick Mattson Patrick Sieloff 40 1 2 2
Penalty Kill 4 Players Forward
Center Wing Time % Phy DF OF
1 Mason Raymond Alexander Wennberg 60 1 2 2
2 Mark Stone Carl Hagelin 40 1 2 2
Penalty Kill 4 Players Defense
Defense Defense Time % Phy DF OF
1 Seth Helgeson Jake McCabe 60 1 2 2
2 Nick Mattson Patrick Sieloff 40 1 2 2
Penalty Kill - 3 Players Forward
Forward Time % Phy DF OF
1 Mason Raymond 60 1 2 2
2 Alexander Wennberg 40 1 2 2
Penalty Kill - 3 Players Defense
Defense Defense Time % Phy DF OF
1 Seth Helgeson Jake McCabe 60 1 2 2
2 Nick Mattson Patrick Sieloff 40 1 2 2
4 vs 4 Forward
Center Wing Time % Phy DF OF
1 Mason Raymond Alexander Wennberg 60 1 2 2
2 Mark Stone Carl Hagelin 40 1 2 2
4 vs 4 Defense
Defense Defense Time % Phy DF OF
1 Seth Helgeson Jake McCabe 60 1 2 2
2 Nick Mattson Patrick Sieloff 40 1 2 2
Last Minutes Offensive
Center Left Wing Right Wing Defense Defense
Alexander Wennberg Mason Raymond Mark Stone Seth Helgeson Jake McCabe
Last Minutes Defensive
Center Left Wing Right Wing Defense Defense
Alexander Wennberg Mason Raymond Mark Stone Seth Helgeson Jake McCabe
Goaltenders
Starting : Joe Cannata
Backup : Tyler Beskorowany
Extra Forwards
Normal : Henrik Samuelsson, Mattias Janmark, Mike Amadio - PP : Henrik Samuelsson, Mattias Janmark - PK : Mike Amadio
Extra Defensemen
Normal : Duncan Siemens, Julius Honka, Calle Andersson - PP : Duncan Siemens - PK : Julius Honka, Calle Andersson
Penalty Shots
Mason Raymond, Alexander Wennberg, Mark Stone, Carl Hagelin, Aleksander Barkov
Scratches
Dylan Labbe (Healthy), Robert Hagg (Right Eye Injury), Clark Bishop (Healthy), JJ. Piccinich (Healthy), Michael Giugovaz (Healthy)
Diablos
5 vs 5 Forward
Center Left Wing Right Wing Time % Phy DF OF
1 Lars Eller Nick Spaling David Pastrnak 40 0 1 4
2 Danton Heinen Jiri Sekac Jordan Szwarz 30 0 1 4
3 Adrian Kempe Sergey Tolchinsky Tyler Pitlick 20 0 2 3
4 Corey Trivino Charles Hudon Ty Rattie 10 0 3 2
5 vs 5 Defense
Defense Defense Time % Phy DF OF
1 Cameron Gaunce Philip Larsen 40 0 2 3
2 Brian Dumoulin Alex Petrovic 30 0 2 3
3 Andrei Mironov Philip Larsen 20 0 3 2
4 Cameron Gaunce Philip Larsen 10 0 2 3
PowerPlay Forward
Center Left Wing Right Wing Time % Phy DF OF
1 Lars Eller Nick Spaling David Pastrnak 60 0 0 5
2 Danton Heinen Jiri Sekac Jordan Szwarz 40 0 0 5
PowerPlay Defense
Defense Defense Time % Phy DF OF
1 Brian Dumoulin Alex Petrovic 60 0 1 4
2 Andrei Mironov Cameron Gaunce 40 0 1 4
Penalty Kill 4 Players Forward
Center Wing Time % Phy DF OF
1 Corey Trivino Nick Spaling 60 1 4 0
2 Lars Eller Tyler Pitlick 40 1 4 0
Penalty Kill 4 Players Defense
Defense Defense Time % Phy DF OF
1 Brian Dumoulin Cameron Gaunce 60 1 4 0
2 Philip Larsen Alex Petrovic 40 1 4 0
Penalty Kill - 3 Players Forward
Forward Time % Phy DF OF
1 Corey Trivino 60 0 5 0
2 Lars Eller 40 0 5 0
Penalty Kill - 3 Players Defense
Defense Defense Time % Phy DF OF
1 Philip Larsen Cameron Gaunce 60 0 5 0
2 Alex Petrovic Andrei Mironov 40 0 5 0
4 vs 4 Forward
Center Wing Time % Phy DF OF
1 Lars Eller Nick Spaling 60 0 2 3
2 Adrian Kempe David Pastrnak 40 0 2 3
4 vs 4 Defense
Defense Defense Time % Phy DF OF
1 Cameron Gaunce Philip Larsen 60 0 2 3
2 Alex Petrovic Brian Dumoulin 40 0 2 3
Last Minutes Offensive
Center Left Wing Right Wing Defense Defense
Lars Eller Nick Spaling David Pastrnak Cameron Gaunce Philip Larsen
Last Minutes Defensive
Center Left Wing Right Wing Defense Defense
Lars Eller Nick Spaling Jordan Szwarz Cameron Gaunce Philip Larsen
Goaltenders
Starting : Joni Ortio
Backup : Kristers Gudlevskis
Extra Forwards
Normal : Nick Spaling, David Pastrnak, Jordan Szwarz - PP : Nick Spaling, Lars Eller - PK : Lars Eller
Extra Defensemen
Normal : Cameron Gaunce, Philip Larsen, Alex Petrovic - PP : Cameron Gaunce - PK : Philip Larsen, Cameron Gaunce
Penalty Shots
Nick Spaling, Lars Eller, Jordan Szwarz, David Pastrnak, Tyler Pitlick
Scratches
Peter Holland (Healthy), Jamie Devane (Healthy), Matt Lindblad (Healthy), Tyler Lewington (Healthy), Tobias Lindberg (Healthy)
Andrey Pedan (Healthy), Stuart Percy (Healthy), Anthony Camara (Healthy), Branden Troock (Healthy), Riley Nash (Healthy)
Jakub Vrana (Healthy), Dominic Turgeon (Healthy), Ryan MacInnis (Healthy), Matt Tomkins (Healthy)
% Time on Ice - Saguenéens
Lines # - Real PCT - Wanted PCT - Time Play
Normal Forward
1 - 33% - 40% - 13:13
2 - 27% - 30% - 10:52
3 - 24% - 20% - 9:38
4 - 16% - 10% - 6:27
Normal Defense
1 - 38% - 40% - 15:14
2 - 32% - 30% - 13:03
3 - 24% - 20% - 9:40
4 - 6% - 10% - 2:13
PP Forward
1 - 53% - 60% - 3:10
2 - 47% - 40% - 2:47
PP Defense
1 - 58% - 60% - 3:27
2 - 42% - 40% - 2:30
PK Forward
1 - 67% - 60% - 9:15
2 - 33% - 40% - 4:38
PK Defense
1 - 54% - 60% - 7:28
2 - 46% - 40% - 6:25
PK3 Forward
1 - 0% - 60%
2 - 0% - 40%
PK3 Defense
1 - 0% - 60%
2 - 0% - 40%
44 Forward
1 - 0% - 60%
2 - 0% - 40%
44 Defense
1 - 0% - 60%
2 - 0% - 40%
Last Minute Offensive - 0:00
Last Minute Defensive - 0:00
Total
Forward - 60:00
Defense - 60:00
|
% Time on Ice - Diablos
Lines # - Real PCT - Wanted PCT - Time Play
Normal Forward
1 - 30% - 40% - 12:06
2 - 26% - 30% - 10:20
3 - 26% - 20% - 10:30
4 - 18% - 10% - 7:14
Normal Defense
1 - 46% - 40% - 18:27
2 - 33% - 30% - 13:20
3 - 18% - 20% - 7:25
4 - 2% - 10% - 0:58
PP Forward
1 - 52% - 60% - 7:11
2 - 48% - 40% - 6:42
PP Defense
1 - 57% - 60% - 7:56
2 - 43% - 40% - 5:57
PK Forward
1 - 71% - 60% - 4:14
2 - 29% - 40% - 1:43
PK Defense
1 - 61% - 60% - 3:39
2 - 39% - 40% - 2:18
PK3 Forward
1 - 0% - 60%
2 - 0% - 40%
PK3 Defense
1 - 0% - 60%
2 - 0% - 40%
44 Forward
1 - 0% - 60%
2 - 0% - 40%
44 Defense
1 - 0% - 60%
2 - 0% - 40%
Last Minute Offensive - 0:00
Last Minute Defensive - 0:00
Total
Forward - 60:00
Defense - 60:00
|
Play-by-Play
1st period
0:01 of 1st period - Lars Eller wins face-off versus Alexander Wennberg in neutral zone.
0:15 of 1st period - Snap shot by Mason Raymond.
0:15 of 1st period - Stopped by Joni Ortio without a rebound.
0:16 of 1st period - Danton Heinen wins face-off versus Rhett Rakhshani in Diablos zone.
1:07 of 1st period - Nick Mattson is hit by Nick Spaling and loses puck.
1:54 of 1st period - Backhand shot by Jordan Szwarz.
1:54 of 1st period - Stopped by Joe Cannata without a rebound.
1:55 of 1st period - Lars Eller wins face-off versus Mark Stone in Saguenéens zone.
2:16 of 1st period - Minor Penalty to David Pastrnak for Holding.
2:17 of 1st period - Corey Trivino wins face-off versus Alexander Wennberg in Diablos zone.
3:09 of 1st period - Alex Petrovic is hit by Carl Hagelin and loses puck.
3:57 of 1st period - Patrick Sieloff is hit by Cameron Gaunce and loses puck.
4:16 of 1st period - Penalty to David Pastrnak is over, David Pastrnak is back on ice.
4:28 of 1st period - Wrist shot by Nick Spaling.
4:28 of 1st period - Shot Blocked by Patrick Sieloff.
4:40 of 1st period - Snap shot by Nick Spaling.
4:40 of 1st period - Stopped by Joe Cannata with a rebound.
5:01 of 1st period - Wrist shot by Craig Cunningham.
5:01 of 1st period - Shot Misses the Net.
5:03 of 1st period - Slapshot by Nick Mattson.
5:03 of 1st period - Stopped by Joni Ortio with a rebound.
5:15 of 1st period - Wrist shot by David Pastrnak.
5:15 of 1st period - Shot Blocked by Patrick Sieloff.
5:27 of 1st period - Snap shot by David Pastrnak.
5:27 of 1st period - Shot Misses the Net.
5:35 of 1st period - Wrist shot by Craig Cunningham.
5:35 of 1st period - Shot Blocked by Philip Larsen.
5:37 of 1st period - Slapshot by Patrick Sieloff.
5:37 of 1st period - Deflect By Juraj Mikus.
5:37 of 1st period - Shot Misses the Net.
5:37 of 1st period - Puck is out of play.
5:38 of 1st period - Danton Heinen wins face-off versus Alexander Wennberg in Diablos zone.
5:47 of 1st period - Off-side.
5:48 of 1st period - Danton Heinen wins face-off versus Alexander Wennberg in neutral zone.
6:09 of 1st period - Brian Dumoulin is hit by Mark Stone and loses puck.
6:14 of 1st period - Slapshot by Mason Raymond.
6:14 of 1st period - Stopped by Joni Ortio with a rebound.
6:16 of 1st period - Slapshot by Alexander Wennberg.
6:16 of 1st period - Stopped by Joni Ortio with a rebound.
6:18 of 1st period - Snap shot by Jake McCabe.
6:18 of 1st period - Shot Misses the Net.
6:20 of 1st period - Snap shot by Seth Helgeson.
6:20 of 1st period - Stopped by Joni Ortio with a rebound.
6:22 of 1st period - Wrist shot by Mark Stone.
6:22 of 1st period - Stopped by Joni Ortio with a rebound.
6:28 of 1st period - Wrist shot by Mason Raymond.
6:28 of 1st period - Shot Blocked by Cameron Gaunce.
6:30 of 1st period - Snap shot by Mason Raymond.
6:30 of 1st period - Shot Misses the Net.
6:32 of 1st period - Slapshot by Jake McCabe.
6:32 of 1st period - Stopped by Joni Ortio with a rebound.
6:34 of 1st period - Snap shot by Mark Stone.
6:34 of 1st period - Shot Misses the Net.
6:36 of 1st period - Slapshot by Seth Helgeson.
6:36 of 1st period - Deflect By Cameron Gaunce.
6:36 of 1st period - Stopped by Joni Ortio without a rebound.
6:37 of 1st period - Adrian Kempe wins face-off versus Aleksander Barkov in Diablos zone.
6:37 of 1st period - Adrian Kempe is hit by Duncan Siemens.
6:45 of 1st period - Wrist shot by Tyler Pitlick.
6:45 of 1st period - Shot Misses the Net.
6:47 of 1st period - Wrist shot by Adrian Kempe.
6:47 of 1st period - Deflect By Carl Hagelin.
6:47 of 1st period - Stopped by Joe Cannata without a rebound.
6:48 of 1st period - Adrian Kempe wins face-off versus Aleksander Barkov in Saguenéens zone.
8:29 of 1st period - Nick Mattson is hit by Adrian Kempe.
8:42 of 1st period - Minor Penalty to Mark Stone for Hooking.
8:43 of 1st period - Alexander Wennberg wins face-off versus Lars Eller in Saguenéens zone.
8:54 of 1st period - Alexander Wennberg is hit by Lars Eller and loses puck.
10:00 of 1st period - Snap shot by David Pastrnak.
10:00 of 1st period - Stopped by Joe Cannata without a rebound.
10:01 of 1st period - Danton Heinen wins face-off versus Mikhail Grigorenko in Saguenéens zone.
10:42 of 1st period - Penalty to Mark Stone is over, Mark Stone is back on ice.
11:10 of 1st period - Nick Mattson is hit by Cameron Gaunce and loses puck.
12:32 of 1st period - Wrist shot by Corey Trivino.
12:32 of 1st period - Stopped by Joe Cannata without a rebound.
12:33 of 1st period - Corey Trivino wins face-off versus Aleksander Barkov in Saguenéens zone.
13:21 of 1st period - Alexander Wennberg is hit by David Pastrnak and loses puck.
13:42 of 1st period - Alexander Wennberg is hit by Alex Petrovic and loses puck.
13:55 of 1st period - Wrist shot by Tyler Pitlick.
13:55 of 1st period - Stopped by Joe Cannata without a rebound.
13:56 of 1st period - Aleksander Barkov wins face-off versus Lars Eller in Saguenéens zone.
13:58 of 1st period - Minor Penalty to Duncan Siemens for Cross-checking.
13:59 of 1st period - Mason Raymond wins face-off versus Lars Eller in Saguenéens zone.
15:05 of 1st period - Jordan Szwarz is hit by Nick Mattson and loses puck.
15:30 of 1st period - Snap shot by Jiri Sekac.
15:30 of 1st period - Shot Misses the Net.
15:40 of 1st period - Seth Helgeson is hit by Jiri Sekac and loses puck.
15:55 of 1st period - Alexander Wennberg is hit by Jiri Sekac and loses puck.
15:58 of 1st period - Penalty to Duncan Siemens is over, Duncan Siemens is back on ice.
16:11 of 1st period - Snap shot by Julius Honka.
16:11 of 1st period - Stopped by Joni Ortio with a rebound.
16:29 of 1st period - Snap shot by Alexander Wennberg.
16:29 of 1st period - Shot Misses the Net.
16:31 of 1st period - Snap shot by Henrik Samuelsson.
16:31 of 1st period - Stopped by Joni Ortio without a rebound.
16:32 of 1st period - Aleksander Barkov wins face-off versus Lars Eller in Diablos zone.
16:57 of 1st period - Snap shot by Juraj Mikus.
16:57 of 1st period - Stopped by Joni Ortio with a rebound.
16:59 of 1st period - Slapshot by Adam Erne.
16:59 of 1st period - Goal by Adam Erne - Saguenéens : 1 - Diablos : 0.
17:00 of 1st period - Aleksander Barkov wins face-off versus Lars Eller in neutral zone.
17:33 of 1st period - Snap shot by Jake McCabe.
17:33 of 1st period - Deflect By Craig Cunningham.
17:33 of 1st period - Stopped by Joni Ortio without a rebound.
17:34 of 1st period - Lars Eller wins face-off versus Alexander Wennberg in Diablos zone.
17:41 of 1st period - Snap shot by Nick Spaling.
17:41 of 1st period - Stopped by Joe Cannata with a rebound.
17:46 of 1st period - Minor Penalty to Duncan Siemens for Hooking.
17:47 of 1st period - Lars Eller wins face-off versus Mason Raymond in Saguenéens zone.
19:46 of 1st period - Penalty to Duncan Siemens is over, Duncan Siemens is back on ice.
19:58 of 1st period - Seth Helgeson is hit by Philip Larsen and loses puck.
Goals for this period are 1 for Saguenéens vs 0 for Diablos .
Shots for this period are 13 for Saguenéens vs 7 for Diablos .
2nd period
0:01 of 2nd period - Alexander Wennberg wins face-off versus David Pastrnak in neutral zone.
0:14 of 2nd period - Wrist shot by David Pastrnak.
0:14 of 2nd period - Stopped by Joe Cannata without a rebound.
0:15 of 2nd period - Aleksander Barkov wins face-off versus Danton Heinen in Saguenéens zone.
0:22 of 2nd period - Slapshot by Jake McCabe.
0:22 of 2nd period - Shot Misses the Net.
0:24 of 2nd period - Slapshot by Jake McCabe.
0:24 of 2nd period - Stopped by Joni Ortio with a rebound.
0:26 of 2nd period - Snap shot by Seth Helgeson.
0:26 of 2nd period - Shot Misses the Net.
0:28 of 2nd period - Wrist shot by Rhett Rakhshani.
0:28 of 2nd period - Shot Blocked by Jordan Szwarz.
0:30 of 2nd period - Snap shot by Carl Hagelin.
0:30 of 2nd period - Shot Misses the Net.
0:52 of 2nd period - Slapshot by Seth Helgeson.
0:52 of 2nd period - Shot Blocked by Alex Petrovic.
1:00 of 2nd period - Slapshot by Alex Petrovic.
1:00 of 2nd period - Deflect By Danton Heinen.
1:00 of 2nd period - Stopped by Joe Cannata without a rebound.
1:01 of 2nd period - Lars Eller wins face-off versus Alexander Wennberg in Saguenéens zone.
1:28 of 2nd period - Tyler Pitlick is hit by Rhett Rakhshani and loses puck.
1:32 of 2nd period - Icing by Adrian Kempe.
1:33 of 2nd period - Adrian Kempe wins face-off versus Aleksander Barkov in Diablos zone.
1:50 of 2nd period - Philip Larsen is hit by Rhett Rakhshani and loses puck.
2:47 of 2nd period - Slapshot by Philip Larsen.
2:47 of 2nd period - Deflect By Corey Trivino.
2:47 of 2nd period - Stopped by Joe Cannata with a rebound.
2:49 of 2nd period - Slapshot by Cameron Gaunce.
2:49 of 2nd period - Stopped by Joe Cannata without a rebound.
2:50 of 2nd period - Alexander Wennberg wins face-off versus Lars Eller in Saguenéens zone.
3:02 of 2nd period - Minor Penalty to David Pastrnak for Interference.
3:03 of 2nd period - Corey Trivino wins face-off versus Alexander Wennberg in Diablos zone.
3:03 of 2nd period - Corey Trivino is hit by Alexander Wennberg.
3:42 of 2nd period - Seth Helgeson is hit by Lars Eller.
3:58 of 2nd period - Alexander Wennberg is hit by Nick Spaling and loses puck.
4:30 of 2nd period - Alexander Wennberg is hit by Philip Larsen.
5:02 of 2nd period - Penalty to David Pastrnak is over, David Pastrnak is back on ice.
5:30 of 2nd period - Slapshot by David Pastrnak.
5:30 of 2nd period - Shot Blocked by Nick Mattson.
5:32 of 2nd period - Wrist shot by Nick Spaling.
5:32 of 2nd period - Shot Misses the Net.
5:38 of 2nd period - Wrist shot by David Pastrnak.
5:38 of 2nd period - Goal by David Pastrnak - Saguenéens : 1 - Diablos : 1.
5:39 of 2nd period - Danton Heinen wins face-off versus Alexander Wennberg in neutral zone.
5:44 of 2nd period - Wrist shot by Jordan Szwarz.
5:44 of 2nd period - Goal by Jordan Szwarz - Saguenéens : 1 - Diablos : 2.
5:45 of 2nd period - Alexander Wennberg wins face-off versus Danton Heinen in neutral zone.
6:12 of 2nd period - Philip Larsen is hit by Rhett Rakhshani and loses puck.
7:20 of 2nd period - Slapshot by Tyler Pitlick.
7:20 of 2nd period - Stopped by Joe Cannata with a rebound.
7:22 of 2nd period - Slapshot by Andrei Mironov.
7:22 of 2nd period - Shot Blocked by Alexander Wennberg.
7:24 of 2nd period - Wrist shot by Adrian Kempe.
7:24 of 2nd period - Stopped by Joe Cannata without a rebound.
7:25 of 2nd period - Aleksander Barkov wins face-off versus Nick Spaling in Saguenéens zone.
7:25 of 2nd period - Aleksander Barkov is hit by Nick Spaling.
7:30 of 2nd period - Jake McCabe is hit by Brian Dumoulin and loses puck.
7:37 of 2nd period - Slapshot by Carl Hagelin.
7:37 of 2nd period - Stopped by Joni Ortio with a rebound.
7:51 of 2nd period - Seth Helgeson is hit by Jordan Szwarz and loses puck.
8:03 of 2nd period - Snap shot by Jiri Sekac.
8:03 of 2nd period - Shot Blocked by Adam Erne.
8:15 of 2nd period - Tanner Richard is hit by Brian Dumoulin and loses puck.
8:20 of 2nd period - Snap shot by Cameron Gaunce.
8:20 of 2nd period - Stopped by Joe Cannata without a rebound.
8:21 of 2nd period - Alexander Wennberg wins face-off versus Lars Eller in Saguenéens zone.
8:26 of 2nd period - Alexander Wennberg is hit by Cameron Gaunce and loses puck.
8:57 of 2nd period - Snap shot by Jiri Sekac.
8:57 of 2nd period - Shot Misses the Net.
9:11 of 2nd period - Wrist shot by Cameron Gaunce.
9:11 of 2nd period - Shot Blocked by Nick Mattson.
9:35 of 2nd period - Snap shot by Teemu Pulkkinen.
9:35 of 2nd period - Stopped by Joni Ortio without a rebound.
9:36 of 2nd period - Alexander Wennberg wins face-off versus Corey Trivino in Diablos zone.
9:51 of 2nd period - Snap shot by Corey Trivino.
9:51 of 2nd period - Shot Blocked by Mark Stone.
9:53 of 2nd period - Snap shot by Charles Hudon.
9:53 of 2nd period - Deflect By Corey Trivino.
9:53 of 2nd period - Shot Blocked by Alexander Wennberg.
9:53 of 2nd period - Puck is out of play.
9:54 of 2nd period - Lars Eller wins face-off versus Rhett Rakhshani in Saguenéens zone.
9:55 of 2nd period - Wrist shot by David Pastrnak.
9:55 of 2nd period - Stopped by Joe Cannata with a rebound.
9:57 of 2nd period - Slapshot by Andrei Mironov.
9:57 of 2nd period - Deflect By Lars Eller.
9:57 of 2nd period - Stopped by Joe Cannata with a rebound.
9:59 of 2nd period - Wrist shot by David Pastrnak.
9:59 of 2nd period - Shot Blocked by Jake McCabe.
10:01 of 2nd period - Slapshot by Philip Larsen.
10:01 of 2nd period - Goal by Philip Larsen - Saguenéens : 1 - Diablos : 3.
10:02 of 2nd period - Lars Eller wins face-off versus Alexander Wennberg in neutral zone.
10:02 of 2nd period - David Pastrnak is hit by Mason Raymond and loses puck.
10:12 of 2nd period - Minor Penalty to Seth Helgeson for Hooking.
10:13 of 2nd period - Mason Raymond wins face-off versus Lars Eller in Saguenéens zone.
10:18 of 2nd period - Jake McCabe is hit by Alex Petrovic and loses puck.
10:29 of 2nd period - Snap shot by Mason Raymond.
10:29 of 2nd period - Stopped by Joni Ortio with a rebound.
11:39 of 2nd period - Mike Amadio is hit by Alex Petrovic and loses puck.
12:11 of 2nd period - Off-side.
12:12 of 2nd period - Penalty to Seth Helgeson is over, Seth Helgeson is back on ice.
12:12 of 2nd period - Aleksander Barkov wins face-off versus Danton Heinen in neutral zone.
12:25 of 2nd period - Wrist shot by Cameron Gaunce.
12:25 of 2nd period - Shot Misses the Net.
12:39 of 2nd period - Corey Trivino is hit by Tanner Richard.
12:43 of 2nd period - Slapshot by Philip Larsen.
12:43 of 2nd period - Deflect By Jake McCabe.
12:43 of 2nd period - Stopped by Joe Cannata without a rebound.
12:44 of 2nd period - Corey Trivino wins face-off versus Tanner Richard in Saguenéens zone.
12:50 of 2nd period - Off-side.
12:51 of 2nd period - Aleksander Barkov wins face-off versus Lars Eller in neutral zone.
13:10 of 2nd period - Icing by Duncan Siemens.
13:11 of 2nd period - Danton Heinen wins face-off versus Aleksander Barkov in Saguenéens zone.
13:32 of 2nd period - Duncan Siemens is hit by Philip Larsen.
13:36 of 2nd period - Danton Heinen is hit by Julius Honka.
13:44 of 2nd period - Carl Hagelin is hit by Jordan Szwarz and loses puck.
13:51 of 2nd period - Snap shot by Carl Hagelin.
13:51 of 2nd period - Shot Misses the Net.
13:53 of 2nd period - Snap shot by Julius Honka.
13:53 of 2nd period - Stopped by Joni Ortio without a rebound.
13:54 of 2nd period - Lars Eller wins face-off versus Alexander Wennberg in Diablos zone.
14:20 of 2nd period - Minor Penalty to Adrian Kempe for Tripping.
14:21 of 2nd period - Alexander Wennberg wins face-off versus Corey Trivino in Diablos zone.
14:22 of 2nd period - Snap shot by Mark Stone.
14:22 of 2nd period - Shot Misses the Net.
14:24 of 2nd period - Slapshot by Seth Helgeson.
14:24 of 2nd period - Shot Misses the Net.
14:34 of 2nd period - Snap shot by Alexander Wennberg.
14:34 of 2nd period - Shot Misses the Net.
14:36 of 2nd period - Slapshot by Seth Helgeson.
14:36 of 2nd period - Shot Blocked by Brian Dumoulin.
15:18 of 2nd period - Wrist shot by Philip Larsen.
15:18 of 2nd period - Goal by Philip Larsen - Saguenéens : 1 - Diablos : 4.
15:19 of 2nd period - Alexander Wennberg wins face-off versus Corey Trivino in neutral zone.
16:20 of 2nd period - Penalty to Adrian Kempe is over, Adrian Kempe is back on ice.
16:26 of 2nd period - Patrick Sieloff is hit by Philip Larsen.
16:30 of 2nd period - Snap shot by Craig Cunningham.
16:30 of 2nd period - Shot Misses the Net.
16:51 of 2nd period - Snap shot by Adrian Kempe.
16:51 of 2nd period - Stopped by Joe Cannata without a rebound.
16:52 of 2nd period - Danton Heinen wins face-off versus Alexander Wennberg in Saguenéens zone.
16:55 of 2nd period - Wrist shot by Jordan Szwarz.
16:55 of 2nd period - Stopped by Joe Cannata with a rebound.
16:57 of 2nd period - Snap shot by Jordan Szwarz.
16:57 of 2nd period - Stopped by Joe Cannata without a rebound.
16:58 of 2nd period - Alexander Wennberg wins face-off versus Danton Heinen in Saguenéens zone.
17:04 of 2nd period - Icing by Seth Helgeson.
17:05 of 2nd period - Lars Eller wins face-off versus Alexander Wennberg in Saguenéens zone.
17:06 of 2nd period - Slapshot by David Pastrnak.
17:06 of 2nd period - Shot Blocked by Seth Helgeson.
17:08 of 2nd period - Snap shot by Lars Eller.
17:08 of 2nd period - Shot Blocked by Seth Helgeson.
17:10 of 2nd period - Slapshot by Brian Dumoulin.
17:10 of 2nd period - Deflect By Alexander Wennberg.
17:10 of 2nd period - Stopped by Joe Cannata with a rebound.
17:12 of 2nd period - Wrist shot by Nick Spaling.
17:12 of 2nd period - Stopped by Joe Cannata with a rebound.
17:14 of 2nd period - Snap shot by Lars Eller.
17:14 of 2nd period - Shot Misses the Net.
17:16 of 2nd period - Slapshot by Brian Dumoulin.
17:16 of 2nd period - Stopped by Joe Cannata with a rebound.
17:57 of 2nd period - Snap shot by Juraj Mikus.
17:57 of 2nd period - Stopped by Joni Ortio without a rebound.
17:58 of 2nd period - Juraj Mikus wins face-off versus Adrian Kempe in Diablos zone.
18:07 of 2nd period - Backhand shot by Craig Cunningham.
18:07 of 2nd period - Shot Misses the Net.
18:09 of 2nd period - Slapshot by Patrick Sieloff.
18:09 of 2nd period - Shot Misses the Net.
18:13 of 2nd period - Wrist shot by Juraj Mikus.
18:13 of 2nd period - Shot Blocked by Tyler Pitlick.
18:28 of 2nd period - Brian Dumoulin is hit by Alexander Wennberg.
18:44 of 2nd period - Snap shot by Tanner Richard.
18:44 of 2nd period - Stopped by Joni Ortio with a rebound.
18:46 of 2nd period - Snap shot by Teemu Pulkkinen.
18:46 of 2nd period - Stopped by Joni Ortio with a rebound.
18:48 of 2nd period - Slapshot by Julius Honka.
18:48 of 2nd period - Deflect By Teemu Pulkkinen.
18:48 of 2nd period - Shot Misses the Net.
18:48 of 2nd period - Puck is out of play.
18:49 of 2nd period - Danton Heinen wins face-off versus Tanner Richard in Diablos zone.
19:32 of 2nd period - Snap shot by Teemu Pulkkinen.
19:32 of 2nd period - Shot Blocked by Adrian Kempe.
19:34 of 2nd period - Slapshot by Seth Helgeson.
19:34 of 2nd period - Shot Blocked by Sergey Tolchinsky.
19:36 of 2nd period - Slapshot by Nikita Scherbak.
19:36 of 2nd period - Shot Misses the Net.
19:38 of 2nd period - Snap shot by Tanner Richard.
19:38 of 2nd period - Shot Blocked by Alex Petrovic.
19:40 of 2nd period - Slapshot by Teemu Pulkkinen.
19:40 of 2nd period - Deflect By Tanner Richard.
19:40 of 2nd period - Shot Misses the Net.
19:40 of 2nd period - Puck is out of play.
19:41 of 2nd period - Alexander Wennberg wins face-off versus Lars Eller in Diablos zone.
19:56 of 2nd period - Wrist shot by Alexander Wennberg.
19:56 of 2nd period - Stopped by Joni Ortio with a rebound.
Goals for this period are 0 for Saguenéens vs 4 for Diablos .
Shots for this period are 9 for Saguenéens vs 20 for Diablos .
3rd period
0:01 of 3rd period - Alexander Wennberg wins face-off versus Lars Eller in neutral zone.
0:45 of 3rd period - Sergey Tolchinsky is hit by Nikita Scherbak and loses puck.
0:46 of 3rd period - Sergey Tolchinsky from Diablos is injured at 0:46 of 3rd period (Left Knee).
0:47 of 3rd period - Alexander Wennberg wins face-off versus Lars Eller in Diablos zone.
0:54 of 3rd period - Mark Stone is hit by Nick Spaling and loses puck.
1:03 of 3rd period - Wrist shot by Mason Raymond.
1:03 of 3rd period - Shot Misses the Net.
1:23 of 3rd period - Slapshot by Jiri Sekac.
1:23 of 3rd period - Shot Misses the Net.
1:25 of 3rd period - Slapshot by Cameron Gaunce.
1:25 of 3rd period - Stopped by Joe Cannata without a rebound.
1:26 of 3rd period - Lars Eller wins face-off versus Juraj Mikus in Saguenéens zone.
1:27 of 3rd period - Wrist shot by David Pastrnak.
1:27 of 3rd period - Stopped by Joe Cannata with a rebound.
1:29 of 3rd period - Minor Penalty to Juraj Mikus for Boarding.
1:30 of 3rd period - Mason Raymond wins face-off versus Lars Eller in Saguenéens zone.
1:56 of 3rd period - Icing by Danton Heinen.
1:57 of 3rd period - Mason Raymond wins face-off versus Jordan Szwarz in Diablos zone.
2:52 of 3rd period - Slapshot by Lars Eller.
2:52 of 3rd period - Stopped by Joe Cannata with a rebound.
3:29 of 3rd period - Penalty to Juraj Mikus is over, Juraj Mikus is back on ice.
3:36 of 3rd period - Brian Dumoulin is hit by Duncan Siemens and loses puck.
3:55 of 3rd period - Juraj Mikus is hit by Ty Rattie and loses puck.
5:35 of 3rd period - Slapshot by Jake McCabe.
5:35 of 3rd period - Shot Misses the Net.
6:21 of 3rd period - Minor Penalty to Carl Hagelin for Hooking.
6:22 of 3rd period - Mason Raymond wins face-off versus Lars Eller in Saguenéens zone.
6:36 of 3rd period - Wrist shot by Alexander Wennberg.
6:36 of 3rd period - Shot Misses the Net.
7:30 of 3rd period - Mark Stone is hit by Jiri Sekac and loses puck.
7:47 of 3rd period - Seth Helgeson is hit by Cameron Gaunce and loses puck.
8:21 of 3rd period - Penalty to Carl Hagelin is over, Carl Hagelin is back on ice.
8:34 of 3rd period - Patrick Sieloff is hit by Brian Dumoulin.
8:40 of 3rd period - Charles Hudon is hit by Duncan Siemens and loses puck.
8:53 of 3rd period - Wrist shot by Teemu Pulkkinen.
8:53 of 3rd period - Shot Misses the Net.
9:46 of 3rd period - Nick Spaling is hit by Jake McCabe and loses puck.
10:31 of 3rd period - Brian Dumoulin is hit by Juraj Mikus and loses puck.
10:36 of 3rd period - Snap shot by Adrian Kempe.
10:36 of 3rd period - Shot Misses the Net.
10:42 of 3rd period - Minor Penalty to Craig Cunningham for Interference.
10:43 of 3rd period - Mason Raymond wins face-off versus Lars Eller in Saguenéens zone.
11:08 of 3rd period - Alexander Wennberg is hit by Danton Heinen and loses puck.
12:30 of 3rd period - Mason Raymond is hit by Tyler Pitlick.
12:42 of 3rd period - Penalty to Craig Cunningham is over, Craig Cunningham is back on ice.
13:24 of 3rd period - Duncan Siemens is hit by Jordan Szwarz and loses puck.
13:49 of 3rd period - Wrist shot by Tanner Richard.
13:49 of 3rd period - Shot Misses the Net.
14:57 of 3rd period - Jiri Sekac is hit by Carl Hagelin and loses puck.
15:01 of 3rd period - Icing by Andrei Mironov.
15:02 of 3rd period - Adrian Kempe wins face-off versus Aleksander Barkov in Diablos zone.
15:15 of 3rd period - Snap shot by Mason Raymond.
15:15 of 3rd period - Stopped by Joni Ortio without a rebound.
15:16 of 3rd period - Corey Trivino wins face-off versus Alexander Wennberg in Diablos zone.
15:29 of 3rd period - Snap shot by Corey Trivino.
15:29 of 3rd period - Stopped by Joe Cannata with a rebound.
15:39 of 3rd period - Corey Trivino is hit by Alexander Wennberg and loses puck.
15:49 of 3rd period - Off-side.
15:50 of 3rd period - Lars Eller wins face-off versus Aleksander Barkov in neutral zone.
15:56 of 3rd period - Icing by Jake McCabe.
15:57 of 3rd period - Aleksander Barkov wins face-off versus Lars Eller in Saguenéens zone.
16:04 of 3rd period - Wrist shot by Aleksander Barkov.
16:04 of 3rd period - Shot Misses the Net.
16:06 of 3rd period - Wrist shot by Rhett Rakhshani.
16:06 of 3rd period - Shot Misses the Net.
16:08 of 3rd period - Wrist shot by Aleksander Barkov.
16:08 of 3rd period - Stopped by Joni Ortio with a rebound.
16:10 of 3rd period - Wrist shot by Rhett Rakhshani.
16:10 of 3rd period - Saguenéens goal is going for a video replay.
16:10 of 3rd period - The goal is refused. The puck has entered the net after making contact with an attacking player’s stick that is above the height of the crossbar..
16:11 of 3rd period - Lars Eller wins face-off versus Alexander Wennberg in Diablos zone.
16:11 of 3rd period - Lars Eller is hit by Alexander Wennberg.
16:19 of 3rd period - Wrist shot by David Pastrnak.
16:19 of 3rd period - Shot Misses the Net.
16:37 of 3rd period - Rhett Rakhshani is hit by Jiri Sekac and loses puck.
17:04 of 3rd period - Slapshot by Nick Mattson.
17:04 of 3rd period - Stopped by Joni Ortio with a rebound.
17:06 of 3rd period - Snap shot by Craig Cunningham.
17:06 of 3rd period - Shot Misses the Net.
17:18 of 3rd period - Snap shot by Corey Trivino.
17:18 of 3rd period - Stopped by Joe Cannata with a rebound.
18:09 of 3rd period - Duncan Siemens is hit by Cameron Gaunce and loses puck.
18:34 of 3rd period - Slapshot by Alexander Wennberg.
18:34 of 3rd period - Stopped by Joni Ortio without a rebound.
18:35 of 3rd period - Alexander Wennberg wins face-off versus Danton Heinen in Diablos zone.
18:48 of 3rd period - Seth Helgeson is hit by Jiri Sekac.
19:28 of 3rd period - Craig Cunningham is hit by Jordan Szwarz.
19:38 of 3rd period - Juraj Mikus is hit by Andrei Mironov and loses puck.
19:49 of 3rd period - Slapshot by Jake McCabe.
19:49 of 3rd period - Stopped by Joni Ortio with a rebound.
Goals for this period are 0 for Saguenéens vs 0 for Diablos .
Shots for this period are 6 for Saguenéens vs 5 for Diablos .
Back to the Top